AoeStats
← nacho

Arena

508732224Analyzed
1v1 RM · 9d ago on Sep 23, 2026· 59m 10s· 2 players
Game mode
Random Map
Map size
Tiny (2 player)
Population
200
Speed
Normal
Resources
Standard
Victory
Conquest
Starting age
Dark Age
Ending age
Imperial Age
RankedLock teamsTeams togetherTeam positionsShared explorationLock speedFull tech treeHidden civsTurbo modeCheats
Victory
Defeat
🇦🇷 Byzantines · Argentina
966
+19
🇨🇷 Saxons · Costa Rica
1025
-19
nacho
7:16 Loom
12:22 Feudal Age
16:56 Castle Age
14:45 Horse Collar
15:12 Double-Bit Axe
16:00 Gold Mining
19:11 Wheelbarrow
18:39 Heavy Plow
18:52 Bow Saw
21:20 Fletching
24:04 Hand Cart
25:05 Forging
26:56 Stone Mining
28:56 Scale Barding Armor
32:07 Imperial Age
30:59 Bodkin Arrow
32:21 Gold Shaft Mining
32:25 Iron Casting
33:49 Hoardings
34:25 Chain Barding Armor
35:56 Stone Shaft Mining
36:53 Chemistry
36:14 Ballistics
36:32 Plate Barding Armor
37:39 Conscription
38:09 Murder Holes
39:30 Husbandry
38:51 Heavy Camel Rider
39:35 Bracer
39:17 Elite Skirmisher
42:25 Padded Archer Armor
44:12 Thumb Ring
46:35 Elite Cataphract
57:42 Logistica
57:33 Greek Fire
AndymaCR23
6:38 Loom
12:02 Feudal Age
13:56 Arson
17:12 Castle Age
16:59 Horse Collar
17:07 Double-Bit Axe
27:12 Heavy Plow
27:25 Bow Saw
27:56 Forging
27:46 Scale Mail Armor
32:54 Imperial Age
34:41 Light Cavalry
35:32 Bloodlines
37:45 Capped Ram
42:30 Conscription
44:36 Squires
44:27 Gambesons
47:53 Iron Casting
51:02 Elite Varangian Guard
54:11 Pikeman
Connection lost

Rejoining the realm…

Still unreachable

The connection could not be restored.

Session expired

The server has moved on; the page needs a fresh start.